 Dungeon Crawl Stone Soup version 0.20.1-1-g8b1a95d (console) character file.

47 hilaritas the Digger (level 3, 0/19 HPs)
             Began as a Deep Elf Earth Elementalist on Sept 23, 2017.
             Slain by a worm (12 damage)
             ... on level 2 of the Dungeon.
             The game lasted 00:03:47 (1480 turns).

hilaritas the Digger (Deep Elf Earth Elementalist)  Turns: 1480, Time: 00:03:48

Health: 0/19       AC:  2    Str:  6    XL:     3   Next: 48%
Magic:  9/9        EV: 12    Int: 19    God:
Gold:   83         SH:  3    Dex: 15    Spells: 4/8 levels left

rFire    . . .     SeeInvis .   f - +1 spear (flame)
rCold    . . .     Gourm    .   p - +0 buckler
rNeg     . . .     Faith    .   c - +0 robe
rPois    .         Spirit   .   (no helmet)
rElec    .         Reflect  .   (no cloak)
rCorr    .         Harm     .   (no gloves)
MR       .....                  (no boots)
Stlth    ++........             (no amulet)
Regen    0.1/turn               (no ring)
MPRegen  0.2/turn               (no ring)

@: very slightly contaminated
A: no striking features
a: no special abilities


You were on level 2 of the Dungeon.
You were not hungry.

You visited 1 branch of the dungeon, and saw 2 of its levels.

You collected 83 gold pieces.

Inventory:

Hand Weapons
 f - a +1 spear of flaming (weapon)
Missiles
 b - 25 stones (quivered)
Armour
 c - a +0 robe (worn)
 p - a +0 buckler (worn)
Jewellery
 m - a cursed ring of teleportation {unknown}
Scrolls
 a - a scroll of teleportation {unknown}
 g - a scroll of magic mapping {unknown}
 h - a scroll of recharging {unknown}
 n - a scroll of identify {unknown}
 r - a scroll of remove curse {unknown}
 s - 3 scrolls of random uselessness {unknown}
Potions
 i - a potion of mutation {unknown}
 k - a potion of cancellation {unknown}
 l - a potion of brilliance {unknown}
Books
 e - a book of Geomancy

   Spells                             Type                      Level
   a - Sandblast                      Earth                        1
   b - Passwall                       Transmutation/Earth          2
   c - Stone Arrow                    Conjuration/Earth            3
   d - Petrify                        Transmutation/Earth          4
   e - Lee's Rapid Deconstruction     Earth                        5
Comestibles
 d - 3 bread rations
 j - 8 fruits
 o - 9 chunks of flesh
 q - a meat ration


   Skills:
 - Level 2.4 Dodging
 - Level 2.4 Stealth
 * Level 0.1 Shields
 - Level 3.0 Spellcasting
 * Level 0.2 Conjurations
   Level 1.1 Transmutations
 + Level 4.9 Earth Magic


You had 4 spell levels left.
You knew the following spells:

 Your Spells              Type           Power        Failure   Level  Hunger
a - Sandblast             Erth           ###...       3%          1    None
b - Stone Arrow           Conj/Erth      ##....       26%         3    ###....


Dungeon Overview and Level Annotations

Branches:
Dungeon (2/15)

Altars:
The Shining One


Message History

Found a coppery potion.
Casting: Sandblast
Confirm with . or Enter, or press ? or * to list all spells.
Aiming: Sandblast
Press: ? - help, Shift-Dir - straight line, f - worm
Aim: a worm (resting)
You miscast Sandblast.
You are very lightly contaminated with residual magic.
Nothing appears to happen.
You hit the worm but do no damage. You completely miss the worm.
The worm barely misses you.
You barely miss the worm. The worm bites you!
You barely miss the worm. The worm barely misses you.
You hit the worm. You burn the worm.
The worm is moderately wounded.
You barely miss the worm.
The worm is moderately wounded.
The worm bites you!
Ouch! That really hurt!
You die...

######### ## #..!.....
###.. ### #........
..... ..# #........
.##..### ##..###w.......
.......###..# #.@.......
.......#...####.........
.............(..?.......
........####..##........
........# #..###........
........###.## #########
....รท.......#
#.####.....##
#....#......#
####....#.#.#
..#.......>...


You could see a worm.

Vanquished Creatures
  2 oozes
  A dart slug (D:1)
  A leopard gecko (D:2)
  8 bats
  3 giant cockroaches
  2 goblins
  7 hobgoblins
  A ball python (D:2)
  2 frilled lizards (D:1)
  5 kobolds
  3 rats
35 creatures vanquished.

Notes
Turn   | Place    | Note
-------+----------+-------------------------------------------
     0 | D:1      | hilaritas the Deep Elf Earth Elementalist began the quest for the Orb.
     0 | D:1      | Reached XP level 1. HP: 10/10 MP: 6/6
   375 | D:1      | Reached skill level 4 in Earth Magic
   375 | D:1      | Reached XP level 2. HP: 15/15 MP: 5/8
   928 | D:1      | Found a glowing golden altar of the Shining One.
  1186 | D:2      | Reached XP level 3. HP: 19/19 MP: 7/9
  1208 | D:2      | Learned a level 3 spell: Stone Arrow
  1480 | D:2      | Slain by a worm

Skill      XL: |  1 |
---------------+----+-----
Earth Magic    | 4 |  4.9
Dodging        | |  2.4
Stealth        | |  2.4
Shields        | |  0.1
Spellcasting   | |  3.0
Conjurations   | |  0.2
Transmutations | |  1.1

Action                   || total
-------------------------++-------
Melee: Spear             ||    29
 Cast: Sandblast         ||    41
 Stab: Sleeping          ||     2
  Eat: Chunk             ||     2
Armor: Robe              ||    12
Dodge: Dodged            ||    32
Block: Buckler           ||     3
